 Dungeon Crawl Stone Soup version 0.21-a0-552-g593960d (webtiles) character file.

125 Alarkh the Digger (level 4, -2/30 HPs)
             Began as a Demonspawn Earth Elementalist on Dec 17, 2017.
             Slain by a gnoll
             ... wielding a +0 spear
              (5 damage)
             ... on level 3 of the Dungeon.
             The game lasted 00:03:51 (2465 turns).

Alarkh the Digger (Demonspawn Earth Elementalist)   Turns: 2465, Time: 00:03:52

Health: -2/30      AC:  5    Str:  9    XL:     4   Next: 82%
Magic:  6/9        EV: 11    Int: 17    God:
Gold:   211        SH:  0    Dex: 13    Spells: 4/10 levels left

rFire    . . .     SeeInvis .   l - -2 short sword (curse)
rCold    . . .     Gourm    .   (no shield)
rNeg     . . .     Faith    .   m - +0 leather armour (curse)
rPois    .         Spirit   .   (no helmet)
rElec    .         Reflect  .   (no cloak)
rCorr    .         Harm     .   (no gloves)
MR       .....     Rnd*Tele +   o - +1 pair of boots
Stlth    +++.......             (no amulet)
HPRegen  0.10/turn              h - ring of teleportation (curse)
MPRegen  0.11/turn              (no ring)

@: no status effects
A: nightstalker 1
a: no special abilities


You were on level 3 of the Dungeon.
You were not hungry.

You visited 1 branch of the dungeon, and saw 3 of its levels.

You collected 211 gold pieces.

Inventory:

Hand Weapons
 l - a cursed -2 short sword (weapon)
 n - a +0 short sword
 s - a cursed -2 dagger
Missiles
 b - 59 stones (quivered)
Armour
 c - a +0 robe
 m - a cursed +0 leather armour (worn)
 o - a +1 pair of boots (worn)
Jewellery
 h - a cursed ring of teleportation (left hand)
Scrolls
 u - a scroll of fear {unknown}
 v - a scroll of enchant weapon {unknown}
 w - 2 scrolls of identify
 x - a scroll of magic mapping {unknown}
Potions
 a - a potion of mutation
 f - a potion of ambrosia
 g - a potion of curing {unknown}
 i - a potion of degeneration {unknown}
 j - a potion of magic {unknown}
 k - 2 potions of heal wounds {unknown}
 p - 2 potions of invisibility {unknown}
 q - a potion of berserk rage {unknown}
Books
 e - a book of Geomancy

   Spells                             Type                      Level
   a - Sandblast                      Earth                        1
   b - Passwall                       Transmutation/Earth          2
   c - Stone Arrow                    Conjuration/Earth            3
   d - Petrify                        Transmutation/Earth          4
   e - Lee's Rapid Deconstruction     Earth                        5
 r - a book of Changes

   Spells                             Type                      Level
   a - Beastly Appendage              Transmutation                1
   b - Sticks to Snakes               Transmutation                2
   c - Spider Form                    Transmutation/Poison         3
   d - Ice Form                       Ice/Transmutation            4
   e - Blade Hands                    Transmutation                5
Comestibles
 d - a bread ration
 t - 7 chunks of flesh
 z - a royal jelly


   Skills:
 - Level 1.7 Dodging
 - Level 1.7 Stealth
 + Level 3.6 Spellcasting
 - Level 0.8 Transmutations
 + Level 4.0 Earth Magic


You had 4 spell levels left.
You knew the following spells:

 Your Spells              Type           Power        Failure   Level  Hunger
a - Sandblast             Erth           ###...       4%          1    None
b - Passwall              Tmut/Erth      ##........   13%         2    ##.....
c - Stone Arrow           Conj/Erth      ##....       30%         3    ###....


Dungeon Overview and Level Annotations

Branches:
Dungeon (3/15)

Altars:


Innate Abilities, Weirdness & Mutations

You are slightly more attuned to the shadows.


Message History

A gnoll comes into view. It is wielding a spear.
The gnoll shouts!
The gnoll throws a throwing net.
The throwing net hits you.
You become entangled in the net!
The gnoll hits you from afar with a spear.
A gnoll comes into view. It is wielding a spear.
The gnoll shouts!
Found a throwing net.
Found a stone staircase leading down.
A gnoll comes into view. It is wielding a flail.
Okay, then.
You struggle against the net.
The gnoll completely misses you.
You tear a large gash into the net.
The gnoll shouts!
The gnoll hits you from afar with a spear!
The gnoll hits you from afar with a spear.
You shred the net and break free!
The gnoll hits you from afar with a spear!
* * * LOW HITPOINT WARNING * * *
The gnoll hits you from afar with a spear.
You die...

..# ..# ###.
... #.. # #..
.#
.###gg###..#
..g........#
#g.@...#
...>....#....
####...... ##
....#####
#####


You could see 4 gnolls.

Vanquished Creatures
  5 adders
  3 oozes (D:1)
  2 worms (D:2)
  3 dart slugs
  2 leopard geckos
  3 orcs (D:3)
  A giant cockroach (D:3)
  7 goblins
  4 hobgoblins
  4 jackals (D:1)
  6 kobolds
  A ball python (D:2)
  4 bats
  4 frilled lizards
  2 rats
51 creatures vanquished.

Notes
Turn   | Place    | Note
-------+----------+-------------------------------------------
     0 | D:1      | Alarkh the Demonspawn Earth Elementalist began the quest for the Orb.
     0 | D:1      | Reached XP level 1. HP: 13/13 MP: 3/3
   360 | D:1      | Reached skill level 3 in Earth Magic
   382 | D:1      | Gained mutation: You are slightly more attuned to the shadows. [demonic ancestry]
   382 | D:1      | Reached XP level 2. HP: 16/19 MP: 1/5
   944 | D:1      | Reached XP level 3. HP: 24/24 MP: 5/7
  1499 | D:2      | Reached XP level 4. HP: 30/30 MP: 4/8
  2269 | D:3      | Learned a level 3 spell: Stone Arrow
  2272 | D:3      | Learned a level 2 spell: Passwall
  2356 | D:3      | Reached skill level 4 in Earth Magic
  2465 | D:3      | Slain by a gnoll

Vault maps used:
D:1:      co_arrival_random_square_maze

Skill      XL: |  1  2  3  4 |
---------------+-------------+-----
Earth Magic    | 3 4 |  4.0
Spellcasting   | 3 |  3.6
Dodging        | |  1.7
Stealth        | |  1.7
Transmutations | |  0.8

Action                   |  1- 3 |  4- 6 || total
-------------------------+-------+-------++-------
Melee: Unarmed           |     1 |       ||     1
       Short sword       |     7 |       ||     7
 Cast: Sandblast         |    40 |    29 ||    69
  Use: Scroll            |     3 |     2 ||     5
  Eat: Chunk             |     2 |     3 ||     5
Armor: Robe              |     4 |       ||     4
       Leather armour    |       |     6 ||     6
Dodge: Dodged            |    12 |     3 ||    15

Table legend:
 A = Spawn XP
 B = Non-spawn XP
 C = Spawn XP percentage of total XP
 D = Spawn monster count
 E = Non-spawn monster count
 F = Spawn count percentage of total count
 G = Total turns spent on level
                    A         B        C        D         E        F      G
               +---------+---------+-------+---------+---------+-------+---------
         Total |       0 |     179 |   0.0 |       0 |      51 |   0.0 |  2465
               +---------+---------+-------+---------+---------+-------+---------
           D:1 |       0 |      63 |   0.0 |       0 |      23 |   0.0 |  1313
           D:2 |       0 |      80 |   0.0 |       0 |      17 |   0.0 |   850
           D:3 |       0 |      36 |   0.0 |       0 |      11 |   0.0 |   302
               +---------+---------+-------+---------+---------+-------+---------
